 Dungeon Crawl Stone Soup version 0.28-a0-60-g54b5640690 (webtiles) character file.

Game seed: 11698583169551547504

61 lerdaddy the Skirmisher (level 4, 0/40 HPs)
             Began as a Hill Orc Fighter on July 30, 2021.
             Slain by an orc wizard (1 damage)
             ... on level 4 of the Dungeon.
             The game lasted 00:15:31 (1983 turns).

lerdaddy the Skirmisher (Hill Orc Fighter)          Turns: 1983, Time: 00:15:31

Health: 0/40       AC:  9    Str: 19    XL:     4   Next: 7%
Magic:  4/4        EV:  5    Int:  8    God:
Gold:   35         SH:  9    Dex: 10    Spells: 3/3 levels left

rFire   + . .      SeeInvis .   a - +0 long sword
rCold   . . .      Faith    .   c - +0 kite shield
rNeg    . . .      Spirit   .   f - +0 chain mail
rPois   .          Reflect  .   (no helmet)
rElec   .          Harm     .   (no cloak)
rCorr   .          Rampage  .   (no gloves)
Will    .....                   (no boots)
Stlth   ..........              (no amulet)
HPRegen 0.13/turn               h - ring of protection from fire
MPRegen 0.09/turn               (no ring)

@: no status effects
A: no striking features
a: no special abilities


You were on level 4 of the Dungeon.
You visited 1 branch of the dungeon, and saw 4 of its levels.

You collected 35 gold pieces.

Inventory:

Hand Weapons
 a - a +0 long sword (weapon)
Armour
 c - a +0 kite shield (worn)
 f - a +0 chain mail (worn)
Jewellery
 h - a ring of protection from fire (left hand)
Scrolls
 g - a scroll of teleportation {unknown}
 i - 2 scrolls of amnesia {unknown}
 j - a scroll of immolation {unknown}
 k - 2 scrolls of identify {unknown}
 l - a scroll of noise {unknown}
Potions
 b - a potion of haste {unknown}
 d - a potion of brilliance {unknown}
 e - 2 potions of curing {unknown}
 m - a potion of attraction {unknown}


   Skills:
 + Level 4.1 Fighting
 + Level 2.8 Long Blades
 + Level 3.9 Armour
 + Level 0.5 Dodging
 + Level 3.9 Shields


You had 3 spell levels left.
You didn't know any spells.
Your spell library contained the following spells:

 Spells                   Type           Power      Damage    Failure   Level
 Dazzling Flash           Conj/Hex       0%         N/A       100%        3
 Agony                    Necr           0%         N/A       100%        5
 Silence                  Hex/Air        0%         N/A       100%        5


Dungeon Overview and Level Annotations

Branches:
Dungeon (4/15)
 Temple: D:4-7

Altars:
Nemelex Xobeh

Annotations:
D:2 1 runed translucent door, Crazy Yiuf


Message History

Your shield and chain mail prevent you from hitting the orc.
The orc is heavily wounded.
You block the orc's attack. Something hits you.
The orc hits you but does no damage.
You barely miss the orc.
The orc is heavily wounded.
An orc wizard appears from thin air!
Reactivating autopickup.
The orc wizard hits you but does no damage.
You block the orc's attack.
The orc wizard hits you but does no damage.
An orc comes into view. It is wielding a +0 war axe.
You hit the orc.
The orc is almost dead.
The orc hits you with a +0 flail!
The orc wizard hits you but does no damage.
The orc closely misses you.
You riposte.
You closely miss the orc.
The orc is almost dead.
You hit the orc.
You kill the orc!
The orc wizard hits you with a +0 dagger.
You closely miss the orc wizard.
The orc wizard hits you but does no damage.
The orc hits you with a +0 war axe!
* * * LOW HITPOINT WARNING * * *
You hit the orc wizard.
The orc wizard is lightly wounded.
The orc wizard hits you but does no damage.
The orc hits you but does no damage.
The orc wizard hits you but does no damage.
You closely miss the orc wizard.
The orc wizard is lightly wounded.
You block the orc's attack.
The orc wizard hits you but does no damage.
The orc hits you with a +0 war axe!
* * * LOW HITPOINT WARNING * * *
You hit the orc wizard.
The orc wizard is heavily wounded.
The orc wizard hits you with a +0 dagger.
You die...

...#........)...........#..##.##.
#######........#.....<..#...#.#..
........................#.#.....#
...#.#########.##.........##...##
...#.##......#.#.....###....._...
...####.####.#.#)#........##...##
...# #.# #......#........#.....#
...####.# #..#.###<.........#.#..
#.......# #..#.o@#.........##.##.
#.####### #..#.#o#...............
#.### #..###)#..............#
#...# #.{....#..........### #####
#o######.......(..# #.######
#o.....# ....o....###.#
.........#


You could see an orc wizard and an orc.

Vanquished Creatures
  An orc wizard (D:4)
  A dart slug (D:1)
  2 orcs (D:4)
  3 ball pythons
  4 endoplasms
  2 giant cockroaches
  3 goblins
  4 hobgoblins
  A quokka (D:2)
  4 bats
  2 frilled lizards (D:1)
  2 kobolds
  A rat (D:2)
30 creatures vanquished.

Notes
Turn   | Place    | Note
-------+----------+-------------------------------------------
     0 | D:1      | lerdaddy the Hill Orc Fighter began the quest for the Orb.
     0 | D:1      | Reached XP level 1. HP: 19/19 MP: 1/1
   264 | D:1      | Reached XP level 2. HP: 21/26 MP: 2/2
   992 | D:2      | Found a runed translucent door.
   995 | D:2      | Noticed Crazy Yiuf
  1303 | D:2      | Reached skill level 4 in Fighting
  1354 | D:2      | Reached XP level 3. HP: 33/33 MP: 3/3
  1526 | D:2      | Found a faded altar of an unknown god.
  1828 | D:4      | Found a sparkling altar of Nemelex Xobeh.
  1971 | D:4      | Reached XP level 4. HP: 24/40 MP: 4/4
  1982 | D:4      | HP: 1/40 [orc (8)]
  1983 | D:4      | Slain by an orc wizard

Illustrated notes

Levels and vault maps discovered:
D:1:      nicolae_arrival_memento_mori, layout_basic
D:2:      layout_basic, shapermc_ecumenical_altar_hornbeckon,
          kennysheep_flooded_box, uniq_crazy_yiuf_cottage
D:3:      layout_loops_ring, nicolae_gozag_seed_capital, gammafunk_ghost_grave,
          serial_shops, shop_statue, kennysheep_decorative_pillar
D:4:      layout_basic, mainiacjoe_overflow_small_starburst

Skill      XL: |  1  2 |
---------------+-------+-----
Fighting       | 4 |  4.1
Long Blades    | |  2.8
Armour         | |  3.9
Dodging        | |  0.5
Shields        | |  3.9

Action                   |  1- 3 |  4- 6 || total
-------------------------+-------+-------++-------
Melee: Long sword        |    94 |    12 ||   106
       Unarmed           |     1 |       ||     1
  Use: Scroll            |     1 |       ||     1
       Potion            |     1 |       ||     1
Armor: Scale mail        |     7 |       ||     7
       Chain mail        |    43 |    11 ||    54
       Skin              |     1 |       ||     1
Dodge: Dodged            |    29 |     1 ||    30
Block: Kite shield       |    48 |     6 ||    54
       Rpst.: Long sword |     4 |     1 ||     5

Table legend: (Time is in decaauts)
 A = Elapsed time spent in this place.
 B = Non-inter-level travel time spent in this place.
 C = Inter-level travel time spent in this place.
 D = Time resting spent in this place.
 E = Time spent auto-exploring this place.
 F = Levels seen in this place.
 G = Mean time per level.
                   A        B        C        D        E       F      G
               +--------+--------+--------+--------+--------+-----+--------+
         Total |   2036 |   1942 |     94 |      0 |   1396 |   4 |  509.0 |
       Dungeon |   2036 |   1942 |     94 |      0 |   1396 |   4 |  509.0 |
               +--------+--------+--------+--------+--------+-----+--------+

Top non-repeatable levels by time:
     D:2: 989 daAuts
     D:1: 812 daAuts
     D:4: 232 daAuts
     D:3: 2 daAuts
